Map: Deathaura LE

Players

Dream - Winner!

  • Race: Terran Terran
  • Spawn Location: 11:00

HeRoMaRinE

  • Race: Terran Terran
  • Spawn Location: 5:00

Event: IEM Katowice 2021

VOD

Have the link to the VOD?

Description

Time

  • Played on: Feb. 24, 2021, 12:05 p.m.
  • Length: 10:12

All games in this series

Show
View Real Time Build Order
Export as new Build Order

Dream Terran - Winner!

Build Orders: Gas First Reaper Expand 

Get SALT Encoding   

  12  0:00  SCV  
  13  0:12  SCV  
  14  0:17  Supply Depot  
  14  0:24  SCV  
  14  0:28  Refinery  
  15  0:38  SCV  
  16  0:43  Barracks  
  16  0:50  SCV  
  17  1:02  SCV  
  18  1:15  SCV  
  19  1:30  Reaper, Orbital Command  
  20  1:53  Command Center  
  20  1:56  SCV  
  20  2:01  Factory  
  21  2:06  Reaper, Supply Depot  
  21  2:08  SCV  
  23  2:13  Refinery  
  23  2:28  SCV  
  24  2:40  SCV, Marine  
  26  2:45  Hellion  
  26  2:46  Starport  
  28  2:52  SCV  
  29  3:00  Barracks Reactor  
  29  3:04  SCV  
  29  3:05  Orbital Command  
  30  3:08  Hellion, Refinery  
  32  3:16  SCV  
  33  3:23  Starport Tech Lab  
  33  3:28  SCV  
  33  3:30  Factory Tech Lab  
  33  3:32  SCV  
  35  3:40  SCV  
  35  3:45  SCV  
  35  3:47  Marine  
  35  3:48  Raven, Marine  
  38  3:49  Widow Mine  
  38  3:53  SCV  
  43  3:55  Supply Depot  
  43  3:57  SCV  
  44  4:05  SCV, Marine  
  44  4:09  Supply Depot  
  46  4:12  SCV  
  46  4:17  SCV, Marine, Siege Tank  
  46  4:23  Supply Depot  
  52  4:24  SCV, Marine  
  52  4:29  SCV  
  52  4:30  Supply Depot  
  54  4:34  Raven  
  54  4:36  SCV  
  53  4:41  SCV  
  53  4:44  Command Center  
  54  4:48  SCV  
  54  4:49  Siege Tank  
  58  4:54  SCV  
  58  4:56  Marine x2  
  61  5:00  SCV, Refinery  
  61  5:06  SCV  
  63  5:12  SCV  
  64  5:18  SCV, Engineering Bay  
  65  5:21  Siege Tank  
  65  5:22  Engineering Bay  
  65  5:24  SCV  
  65  5:25  Stimpack, Viking x2  
  65  5:26  Supply Depot, Marine  
  74  5:30  SCV  
  75  5:35  Supply Depot  
  75  5:38  Supply Depot  
  75  5:42  SCV  
  76  5:43  Barracks  
  76  5:44  Marine  
  76  5:45  SCV  
  76  5:49  Terran Infantry Weapons Level 1, Terran Infantry Armor Level 1  
  78  5:58  Barracks  
  78  6:01  Viking  
  78  6:04  SCV x2  
  82  6:07  Viking  
  82  6:08  Marine  
  85  6:15  Siege Tank  
  85  6:16  SCV  
  89  6:18  Orbital Command  
  89  6:20  SCV  
  90  6:28  SCV  
  90  6:31  Viking  
  93  6:33  SCV  
  93  6:36  Barracks Reactor  
  93  6:37  Viking  
  96  6:40  SCV  
  96  6:41  Marine  
  96  6:45  SCV  
  96  6:46  SCV, Supply Depot  
  98  6:48  Barracks Reactor  
  98  6:50  Siege Tank  
  98  6:52  SCV, Refinery  
  102  6:57  SCV  
  102  6:58  SCV  
  102  6:59  Marine  
  105  7:04  SCV  
  100  7:09  SCV  
  100  7:10  SCV  
  92  7:16  SCV  
  92  7:17  Marine, Viking  
  92  7:18  Marine x2, Viking  
  92  7:21  SCV, Combat Shield  
  92  7:22  Siege Tank  
  102  7:26  Barracks, Marine x2  
  102  7:29  Barracks  
  104  7:31  SCV x2  
  104  7:33  SCV  
  104  7:34  Marine  
  104  7:36  Marine x2  
  108  7:40  Refinery  
  108  7:43  SCV, Marine  
  108  7:44  Marine  
  111  7:45  Armory  
  111  7:50  Supply Depot  
  111  7:51  Supply Depot, Viking  
  113  7:54  Viking  
  113  7:56  Siege Tank  
  113  7:57  Marine  
  113  7:58  Marine, Supply Depot  
  120  8:01  Marine  
  120  8:02  Marine  
  120  8:03  Marine  
  123  8:10  Supply Depot  
  123  8:15  Marine  
  123  8:16  Marine  
  123  8:19  Marine, Barracks Reactor x2  
  126  8:20  Marine  
  126  8:23  Marine  
  128  8:33  Marine  
  128  8:34  Medivac x2, Marine, Siege Tank  
  130  8:37  Marine  
  136  8:42  Marine x2  
  138  8:49  Command Center  
  138  8:51  Marine  
  138  8:52  Marine  
  138  8:55  Marine  
  141  8:56  Marine x2  
  141  8:57  Marine  
  141  8:59  Marine  
  141  9:00  Marine  
  144  9:03  Marine  
  144  9:07  Siege Tank  
  144  9:09  Marine  
  149  9:10  Marine  
  149  9:13  Marine x2  
  149  9:14  Marine  
  149  9:15  Marine, Sensor Tower  
  154  9:17  Marine  
  154  9:18  Marine  
  154  9:20  Supply Depot  
  154  9:21  Supply Depot  
  154  9:22  Supply Depot  
  156  9:27  Marine  
  157  9:39  Marine  
  157  9:42  Marine x7  
  157  9:45  Marine  
  164  9:47  Missile Turret  
  164  9:48  Missile Turret  
  167  10:05  Missile Turret  
Show
View Real Time Build Order
Export as new Build Order

HeRoMaRinE Terran 

Build Orders: Reaper Expand 

Get SALT Encoding   

  12  0:00  SCV  
  13  0:12  SCV  
  14  0:17  Supply Depot  
  14  0:24  SCV  
  15  0:38  SCV  
  15  0:39  Barracks  
  16  0:44  Refinery  
  16  0:50  SCV  
  17  1:03  SCV  
  18  1:15  SCV  
  19  1:27  Reaper, Orbital Command  
  20  1:41  Command Center  
  20  1:51  Supply Depot  
  20  1:53  SCV  
  21  1:59  Reaper  
  22  2:05  SCV  
  23  2:18  SCV  
  23  2:22  Factory  
  23  2:30  SCV  
  24  2:40  Marine  
  24  2:42  SCV  
  25  2:46  Command Center  
  25  2:53  Orbital Command  
  25  2:54  SCV  
  26  2:59  Barracks Reactor  
  26  3:06  Refinery  
  26  3:07  Hellion  
  26  3:08  SCV  
  29  3:17  Starport  
  29  3:20  SCV  
  29  3:21  SCV  
  31  3:30  Factory Tech Lab  
  31  3:32  SCV  
  31  3:33  SCV  
  31  3:43  Marine x2  
  31  3:44  SCV  
  32  3:54  Cyclone  
  32  3:56  SCV  
  32  3:59  SCV  
  32  4:00  SCV  
  32  4:01  Starport Tech Lab, Marine x2  
  35  4:08  SCV  
  33  4:11  SCV  
  33  4:18  Orbital Command  
  33  4:19  Marine x2  
  33  4:21  SCV  
  33  4:24  SCV  
  36  4:27  Refinery  
  36  4:28  Raven  
  38  4:33  SCV  
  38  4:37  Marine x2  
  40  4:38  SCV  
  40  4:44  SCV  
  40  4:45  SCV  
  43  4:51  SCV  
  43  4:52  Siege Tank  
  47  4:54  Marine  
  47  4:55  Marine  
  47  4:56  SCV  
  47  4:57  SCV  
  51  5:02  Refinery  
  51  5:03  SCV  
  51  5:04  Supply Depot  
  52  5:08  SCV  
  52  5:09  SCV  
  52  5:12  Marine x2  
  56  5:15  SCV  
  56  5:17  Raven  
  56  5:18  Supply Depot  
  56  5:20  SCV  
  60  5:21  SCV  
  60  5:27  SCV  
  62  5:30  Marine x2, Siege Tank  
  62  5:32  SCV  
  62  5:33  SCV  
  68  5:39  SCV  
  68  5:42  Supply Depot  
  69  5:45  SCV x2  
  69  5:48  Marine x2  
  73  5:51  SCV  
  73  5:55  Barracks  
  74  5:57  Barracks  
  79  6:04  Siege Tank  
  79  6:08  Supply Depot, Engineering Bay x2  
  74  6:15  SCV  
  74  6:16  SCV  
  76  6:18  Viking x2, Orbital Command  
  76  6:24  Stimpack, Marine  
  81  6:27  SCV  
  81  6:28  SCV  
  81  6:30  Supply Depot  
  83  6:35  Terran Infantry Weapons Level 1, Terran Infantry Armor Level 1  
  83  6:40  SCV x2  
  83  6:41  Marine  
  85  6:47  Barracks Reactor x2  
  85  6:48  SCV, Viking  
  85  6:51  Supply Depot  
  85  6:52  SCV x2  
  90  6:57  Sensor Tower  
  90  7:00  SCV  
  91  7:04  SCV x2  
  84  7:10  Viking  
  84  7:12  SCV  
  77  7:16  SCV x2, Siege Tank  
  77  7:17  Marine  
  77  7:18  Viking  
  84  7:25  SCV, Marine  
  84  7:27  Barracks, Marine  
  84  7:28  SCV, Marine x2  
  84  7:29  SCV, Barracks  
  91  7:35  Marine  
  91  7:37  SCV  
  91  7:40  SCV, Viking  
  91  7:41  SCV  
  91  7:42  Marine  
  96  7:45  Marine x2  
  96  7:46  Marine  
  96  7:48  Viking  
  96  7:49  SCV  
  102  7:53  Marine  
  102  7:54  Siege Tank  
  108  8:00  Marine  
  108  8:04  Marine x2, Combat Shield  
  109  8:07  Supply Depot x3  
  109  8:12  Marine  
  109  8:15  Marine  
  109  8:18  Marine, Barracks Reactor  
  109  8:19  Barracks Reactor  
  108  8:22  Marine  
  109  8:28  Marine, Siege Tank  
  109  8:30  Marine  
  109  8:33  Medivac, Marine, Supply Depot  
  118  8:34  Medivac, Supply Depot  
  118  8:36  Marine  
  118  8:39  Marine  
  121  8:46  Marine  
  121  8:48  Marine  
  122  8:50  Orbital Command  
  122  8:51  Marine  
  122  8:54  Marine, Refinery  
  122  8:55  Refinery  
  123  8:57  Marine  
  123  8:59  Marine x2  
  123  9:00  Siege Tank  
  127  9:03  Medivac  
  127  9:04  Medivac, Marine  
  127  9:05  Marine  
  133  9:11  Marine x2  
  133  9:13  Marine x2  
  133  9:15  Marine  
  133  9:16  Marine  
  133  9:17  Marine  
  139  9:22  Marine  
  140  9:26  Marine  
  140  9:29  Marine x2  
  140  9:31  Marine x2  
  144  9:33  Medivac, Marine  
  144  9:34  Marine  
  144  9:37  Marine  
  148  9:39  Supply Depot x2  
  148  9:40  Marine  
  148  9:44  Marine  
  148  9:47  Marine  
  148  9:48  Marine  
  148  9:52  Marine x2  

Tags
 
Add a new tag
Caveats
  • Supply blocks, unpowered buildings, or Contaminate may cause inaccurate times.
  • Supply counts are checked every 10 seconds.